 Dungeon Crawl Stone Soup version 0.31-a0-1074-g0b22e4e0f1 (webtiles) character file.

Game seed: 14407634950225791560

14 pokeman the Magician (level 2, 0/16 HPs)
             Began as a Deep Elf Hedge Wizard on Dec 2, 2023.
             Slain by a cerulean imp
             ... wielding a +0 spear
             ... summoned by Natasha
              (3 damage)
             ... on level 2 of the Dungeon.
             The game lasted 00:01:19 (1142 turns).

pokeman the Magician (Deep Elf Hedge Wizard)        Turns: 1142, Time: 00:01:20

Health: 0/16       AC:  2    Str:  7    XL:     2   Next: 27%
Magic:  8/9        EV: 12    Int: 18    God:
Gold:   38         SH:  0    Dex: 14    Spells: 9/10 levels left

rFire   . . .        a - +0 dagger
rCold   . . .        (no shield)
rNeg    . . .        b - +0 robe
rPois   .            c - +0 hat
rElec   .            (no cloak)
rCorr   .            (no gloves)
SInv    .            (no boots)
Will    .....        (no amulet)
Stlth   ++           (no ring)
HPRegen 0.22/turn    (no ring)
MPRegen 0.11/turn

%: no passive effects
@: no status effects
A: no striking features
a: no special abilities


You were on level 2 of the Dungeon.
You visited 1 branch of the dungeon, and saw 2 of its levels.

You collected 38 gold pieces.

Inventory:

Hand Weapons
 a - a +0 dagger (weapon)
Armour
 b - a +0 robe (worn)
 c - a +0 hat (worn)
Scrolls
 f - a scroll of immolation {unknown}
 g - a scroll of enchant weapon {unknown}
Potions
 d - a potion of magic
 e - a potion of heal wounds {unknown}
 h - a potion of might {unknown}


   Skills:
 + Level 0.4 Fighting
 + Level 0.4 Armour
 - Level 2.4 Dodging
 - Level 2.4 Stealth
 * Level 4.8 Spellcasting
 + Level 1.5 Conjurations
 - Level 1.1 Summonings
 - Level 1.1 Translocations


You had 9 spell levels left.
You knew the following spells:

 Your Spells              Type           Power      Damage    Failure   Level
a - Magic Dart            Conj           36%        1d4       8%          1

Your spell library contained the following spells:

 Spells                   Type           Power      Damage    Failure   Level
 Blink                    Tloc           16%        N/A       13%         2
 Call Imp                 Summ           16%        N/A       13%         2
 Slow                     Hex            16%        N/A       14%         1
 Cigotuvi's Dreadful Rot  Necr/Pois/Air  8%         N/A       21%         2
 Mephitic Cloud           Conj/Pois/Air  6%         N/A       32%         3
 Ozocubu's Armour         Ice            4%         N/A       38%         3
 Ozocubu's Refrigeration  Ice            2%         4d7       100%        7


Dungeon Overview and Level Annotations

Branches:
Dungeon (2/15)

Altars:

Shops:
D:1 *[*!

Annotations:
D:2 Natasha


Message History

The magic dart hits the jackal.
The jackal is severely wounded.
Natasha hisses angrily.
The jackal bites you.
Unknown command.
The jackal attacks as it pursues you! The jackal bites you.
The jackal bites you but does no damage.
Your magical contamination has completely faded away.
Natasha casts a spell.
The jackal misses you. The jackal attacks as it pursues you!
The jackal barely misses you. The jackal bites you.
Natasha mumbles some strange words.
The jackal attacks as it pursues you! The jackal closely misses you.
The jackal attacks as it pursues you! The jackal misses you.
Natasha mumbles some strange words.
The jackal bites you. The jackal attacks as it pursues you!
The jackal bites you but does no damage.
The jackal attacks as it pursues you! The jackal closely misses you.
The jackal bites you.
The cerulean imp hits you from afar with a +0 spear.
The jackal attacks as it pursues you! The jackal bites you.
The cerulean imp attacks as it pursues you!
The cerulean imp hits you but does no damage.
The jackal barely misses you. The jackal attacks as it pursues you!
The jackal bites you but does no damage.
The jackal attacks as it pursues you!
The jackal bites you but does no damage.
The jackal barely misses you. The jackal attacks as it pursues you!
The jackal closely misses you.
The cerulean imp hits you from afar with a +0 spear.
* * * LOW HITPOINT WARNING * * *
The cerulean imp disappears in a puff of smoke!
The jackal bites you.
* * * LOW HITPOINT WARNING * * *
There is an escape hatch in the ceiling here.
The cerulean imp hits you from afar with a +0 spear.
You die...

#.# #.# ######h# #......#
#.....5# #.....5# #......#
#.....h######################
#......§h55h@.....(..........
#......######################
#................#
#.....##########.# #.....#
#.# #.....# #.# #.....# #.#
###'### #.# #.# #.#


You could see Natasha, 2 cerulean imps and 2 jackals.

Vanquished Creatures
  A dart slug (D:1)
  2 endoplasms (D:1)
  A goblin (D:1)
  A jackal (D:2)
  A quokka (D:1)
  2 bats (D:2)
  2 frilled lizards (D:1)
  A rat (D:1)
11 creatures vanquished.

Notes
Turn   | Place    | Note
-------+----------+-------------------------------------------
     0 | D:1      | pokeman the Deep Elf Hedge Wizard began the quest for the
                  | Orb.
     0 | D:1      | Reached XP level 1. HP: 10/10 MP: 7/7
    48 | D:1      | Found Qiont's General Store.
    50 | D:1      | Found Biarimm's Antique Armour Shop.
   407 | D:1      | Reached XP level 2. HP: 16/16 MP: 7/9
   551 | D:1      | Found Selulih's General Store.
   566 | D:1      | Found Vemeuph's Distillery.
  1118 | D:2      | Noticed Natasha
  1142 | D:2      | Slain by a cerulean imp

Illustrated notes

Levels and vault maps discovered:
D:1:      dpeg_arrival_round_c, layout_basic, serial_shops, shop, shop, shop,
          shop, minivault_19
D:2:      layout_basic, nicolae_ecumenical_lake_church, uniq_natasha

Action                     || total
---------------------------++-------
   Cast: Magic Dart        ||    28
 Armour: Robe              ||    17
  Dodge: Dodged            ||     9

Table legend: (Time is in decaauts)
 A = Elapsed time spent in this place.
 B = Non-inter-level travel time spent in this place.
 C = Inter-level travel time spent in this place.
 D = Time resting spent in this place.
 E = Time spent auto-exploring this place.
 F = Levels seen in this place.
 G = Mean time per level.
                   A        B        C        D        E       F      G
               +--------+--------+--------+--------+--------+-----+--------+
         Total |   1141 |   1133 |      8 |      0 |   1048 |   2 |  570.5 |
       Dungeon |   1141 |   1133 |      8 |      0 |   1048 |   2 |  570.5 |
               +--------+--------+--------+--------+--------+-----+--------+

Top non-repeatable levels by time:
     D:1: 913 daAuts
     D:2: 228 daAuts
